 Dungeon Crawl Stone Soup version 0.31-a0-997-g9a2f3ffc92 (webtiles) character file.

Game seed: 6424724027645355574

550 Turgor the Changeling (level 7, -7/58 HPs)
             Began as a Pale Draconian Shapeshifter on Nov 7, 2023.
             Mangled by an ogre
             ... wielding a +0 giant club
              (15 damage)
             ... on level 4 of the Dungeon.
             The game lasted 00:18:33 (4100 turns).

Turgor the Changeling (Pale Draconian Shapeshifter) Turns: 4100, Time: 00:18:34

Health: -7/58      AC:  6    Str: 16    XL:     7   Next: 7%
Magic:  7/7        EV: 13    Int: 11    God:
Gold:   188        SH:  0    Dex: 12    Spells: 6/6 levels left

rFire   . .          .
                       - Unarmed
rCold   . . .        (no shield)
rNeg    . . .        (body armour unavailable)
rPois   .            (helmet currently unavailable)
rElec   .            (cloak currently unavailable)
rCorr   .            (gloves currently unavailable)
SInv    .            (boots currently unavailable)
Will    .....        (no amulet)
Stlth   +            (no ring)
HPRegen 0.29/turn    (no ring)
MPRegen 0.10/turn

%: no passive effects
@: beast-form
A: beast (slay +3), breathe steam, AC +6, unfitting armour, cold-blooded, steam
resistance
a: Breathe Steam, Begin Untransformation


You were on level 4 of the Dungeon.
You were a hulking beast.
You visited 1 branch of the dungeon, and saw 4 of its levels.

You collected 188 gold pieces.

Inventory:

Missiles
 f - 7 poisoned darts
Armour
 e - a +0 pair of boots
Jewellery
 a - a ring of wizardry
Talismans
 b - a beast talisman
 c - a flux talisman
Wands
 p - a wand of flame (4)
Scrolls
 d - 2 scrolls of teleportation
 j - a scroll of silence {unknown}
 k - a scroll of vulnerability {unknown}
 l - 5 scrolls of fear {unknown}
 n - a scroll of fog {unknown}
 o - a scroll of immolation {unknown}
 q - a scroll of torment {unknown}
Potions
 g - a potion of magic {unknown}
 h - 2 potions of invisibility {unknown}
 i - a potion of curing {unknown}
 m - 2 potions of brilliance {unknown}
 r - a potion of berserk rage {unknown}


   Skills:
 + Level 3.6 Fighting
 + Level 3.4 Dodging
 + Level 4.4 Unarmed Combat
 * Level 5.2 Shapeshifting


You had 6 spell levels left.
You didn't know any spells.
Your spell library contained the following spells:

 Spells                   Type           Power      Damage    Failure   Level
 Apportation              Tloc           0%         N/A       34%         1
 Freeze                   Ice            0%         1d3       34%         1
 Necrotise                Necr           0%         1d4       34%         1
 Cigotuvi's Dreadful Rot  Necr/Pois/Air  0%         N/A       47%         2
 Jinxbite                 Hex            0%         N/A       47%         2
 Frozen Ramparts          Ice            0%         1d1       71%         3
 Hailstorm                Conj/Ice       0%         3d3       71%         3
 Ignite Poison            Fire/Tmut/Pois 0%         N/A       71%         3
 Ozocubu's Armour         Ice            0%         N/A       71%         3
 Vampiric Draining        Necr           0%         2d6       71%         3
 Agony                    Necr           0%         N/A       100%        5
 Alistair's Intoxication  Tmut/Pois      0%         N/A       100%        5
 Freezing Cloud           Conj/Ice/Air   0%         6-21      100%        5
 Ozocubu's Refrigeration  Ice            0%         4d7       100%        7


Dungeon Overview and Level Annotations

Branches:
Dungeon (4/15)
 Temple: D:4-7

Altars:
Fedhas

Annotations:
D:3 1 runed translucent door, Crazy Yiuf


Innate Abilities, Weirdness & Mutations

You are a hulking beast.
Your limbs bulge with bestial killing power. (Slay +3)
You can breathe blasts of scalding, opaque steam.
Your pale cyan-grey scales are hard. (AC +6)
You cannot fit into any form of body armour.
You are cold-blooded and may be slowed by cold attacks.
You are immune to the effects of steam.


Message History

The hobgoblin closely misses you.
The sleepcap releases spores at you but does no damage.
You hit the hobgoblin.
You kill the hobgoblin!
The sleepcap barely misses you.
You punch the gnoll!
The gnoll is severely wounded.
The gnoll hits you but does no damage. The sleepcap barely misses you.
You closely miss the gnoll.
The gnoll is severely wounded.
The gnoll hits you but does no damage. The sleepcap releases spores at you.
You hit the gnoll.
You kill the gnoll!
The sleepcap releases spores at you but does no damage.
You punch the gnoll!
The gnoll is severely wounded.
You hit the gnoll.
You kill the gnoll!
The sleepcap releases spores at you.
A hobgoblin comes into view.
The gnoll hits you from afar with a +0 spear.
An ogre comes into view. It is wielding a +0 giant club.
The ogre shouts!
The sleepcap closely misses you. The gnoll hits you with a +0 spear.
Things that are here:
a +0 whip; a +0 club; a gnoll corpse You punch the gnoll!
You tail-slap the gnoll.
You kill the gnoll!
The sleepcap releases spores at you.
You are engulfed in a cloud of soporific spores!
You fall asleep.
The ogre hits you with a +0 giant club!!!
You wake up.
Ouch! That really hurt!
* * * LOW HITPOINT WARNING * * *
The sleepcap releases spores at you but does no damage.
You hit the ogre. You tail-slap the ogre.
The ogre is moderately wounded.
The sleepcap closely misses you. The ogre hits you with a +0 giant club!
You die...

####..####.. #.$....#...
### ### .
..........##.#####..# ..
........##.....#.....
... #.....#....###....
.... #.................
.....##...#.....(#......
#....f.##.#...........
###..h..####..........
#..O#### #......)...
#.g. ..........## .....
..........# .......
...........# .......
..........<## .......
.........# ...###.
........... .....###.(.


You could see an ogre, a sleepcap and a hobgoblin.

Vanquished Creatures
  Sigmund (D:3)
  An ogre (D:4)
  Ijyb (D:3)
  Terence (D:3)
  An iguana (D:3)
  Natasha (twice) (D:2)
  4 gnolls
  4 adders
  A worm (D:2)
  2 dart slugs
  4 orcs (D:3)
  5 ball pythons
  4 bats
  10 endoplasms
  3 giant cockroaches
  6 goblins
  10 hobgoblins
  6 jackals (D:1)
  7 quokkas
  5 frilled lizards
  4 kobolds
  9 rats
91 creatures vanquished.

Notes
Turn   | Place    | Note
-------+----------+-------------------------------------------
     0 | D:1      | Turgor the Draconian Shapeshifter began the quest for the
                  | Orb.
     0 | D:1      | Reached XP level 1. HP: 16/16 MP: 1/1
     2 | D:1      | Found a runed translucent door.
   124 | D:1      | Reached XP level 2. HP: 21/23 MP: 2/2
   361 | D:1      | Reached XP level 3. HP: 23/29 MP: 3/3
  1113 | D:2      | Found a faded altar of an unknown god.
  1149 | D:2      | Reached XP level 4. HP: 35/36 MP: 4/4
  1149 | D:2      | Noticed Natasha
  1956 | D:2      | Killed Natasha
  1957 | D:2      | Reached skill level 4 in Shapeshifting
  2220 | D:2      | Noticed Natasha
  2225 | D:2      | Killed Natasha
  2226 | D:2      | Reached XP level 5. HP: 33/42 MP: 5/5
  2860 | D:3      | Noticed Sigmund
  2887 | D:3      | Found a blossoming altar of Fedhas.
  2898 | D:3      | Noticed Terence
  2912 | D:3      | Killed Terence
  3287 | D:3      | Killed Sigmund
  3288 | D:3      | Reached XP level 6. HP: 51/51 MP: 6/6
  3330 | D:3      | Noticed Ijyb
  3355 | D:3      | Killed Ijyb
  3535 | D:3      | Reached skill level 5 in Shapeshifting
  3804 | D:3      | Found a runed translucent door.
  3805 | D:3      | Noticed Crazy Yiuf
  3936 | D:4      | Your scales start taking on a pale cyan-grey colour.
  3936 | D:4      | Reached XP level 7. HP: 16/57 MP: 7/7
  3936 | D:4      | Gained mutation: You are immune to the effects of steam.
                  | [Pale Draconian growth]
  4100 | D:4      | Mangled by an ogre

Illustrated notes

Levels and vault maps discovered:
D:1:      dpeg_arrival_caged_fury, layout_basic
D:2:      layout_loops_ring, basic_ecumenical_altar, uniq_natasha
D:3:      layout_basic, nicolae_overflow_crystal_walls, glass_columns_a,
          uniq_ijyb, uniq_crazy_yiuf_cottage, uniq_terence, uniq_sigmund
D:4:      layout_cave_pools

Skill      XL: |  1  2  3  4  5  6 |
---------------+-------------------+-----
Dodging        | 2 3 |  3.4
Fighting       | 2 3 |  3.6
Shapeshifting  | 4 5 |  5.2
Unarmed Combat | 4 |  4.4

Action                     |  1- 3 |  4- 6 |  7- 9 || total
---------------------------+-------+-------+-------++-------
  Melee: Unarmed           |   118 |   149 |    10 ||   277
         Punch             |     2 |     1 |       ||     3
         Tailslap          |     3 |    18 |     2 ||    23
    Use: Potion            |     1 |     1 |       ||     2
         Scroll            |       |     5 |       ||     5
   Stab: Sleeping          |       |     2 |       ||     2
 Armour: Skin              |    63 |    74 |    12 ||   149
  Dodge: Dodged            |    45 |    83 |     7 ||   135

Table legend: (Time is in decaauts)
 A = Elapsed time spent in this place.
 B = Non-inter-level travel time spent in this place.
 C = Inter-level travel time spent in this place.
 D = Time resting spent in this place.
 E = Time spent auto-exploring this place.
 F = Levels seen in this place.
 G = Mean time per level.
                   A        B        C        D        E       F      G
               +--------+--------+--------+--------+--------+-----+--------+
         Total |   4086 |   3552 |    534 |    334 |   1896 |   4 | 1021.5 |
       Dungeon |   4086 |   3552 |    534 |    334 |   1896 |   4 | 1021.5 |
               +--------+--------+--------+--------+--------+-----+--------+

Top non-repeatable levels by time:
     D:2: 1744 daAuts
     D:1: 1100 daAuts
     D:3: 1066 daAuts
     D:4: 175 daAuts
